 Dungeon Crawl Stone Soup version 0.27.1-33-g824d729ab1 (webtiles) character file.

Game seed: 16649994714475327731

168 Atelerd the Sneak (level 5, 0/31 HPs)
             Began as an Octopode Earth Elementalist on Dec 20, 2021.
             Killed by nerve-wracking pain
             ... invoked by an orc priest
              (14 damage)
             ... on level 3 of the Dungeon.
             The game lasted 00:02:37 (2240 turns).

Atelerd the Sneak (Octopode Earth Elementalist)     Turns: 2240, Time: 00:02:38

Health: 0/31       AC:  1    Str:  8    XL:     5   Next: 49%
Magic:  6/9        EV: 13    Int: 18    God:
Gold:   111        SH:  0    Dex: 12    Spells: 5/10 levels left

rFire    . . .     SeeInvis .   j - +0 rapier (drain)
rCold    . . .     Faith    .   (no shield)
rNeg     . . .     Spirit   .   (helmet restricted)
rPois    .         Reflect  .   (no amulet)
rElec    .         Harm     .   (no ring)
rCorr    .         Rampage  .   (no ring)
Will     .....                  (no ring)
Stlth    ++++......             (no ring)
HPRegen  0.10/turn              (no ring)
MPRegen  0.11/turn              (no ring)
                                (no ring)
                                (no ring)

@: no status effects
A: almost no armour, amphibious, 8 rings, camouflage 1, gelatinous body 1,
(nimble swimmer 1), tentacles
a: no special abilities


You were on level 3 of the Dungeon.
You visited 1 branch of the dungeon, and saw 3 of its levels.

You collected 111 gold pieces.

Inventory:

Hand Weapons
 c - a +0 dagger
 j - a +0 rapier of draining (weapon)
Missiles
 b - 63 stones
Jewellery
 e - an amulet of reflection
 f - a ring of positive energy
Scrolls
 a - 3 scrolls of teleportation {unknown}
 d - a scroll of silence {unknown}
 g - 2 scrolls of enchant armour {unknown}
 h - a scroll of identify {unknown}
Potions
 i - a potion of lignification {unknown}
 k - a potion of resistance {unknown}
 l - a potion of curing {unknown}
 m - a potion of attraction {unknown}


   Skills:
 - Level 2.0 Dodging
 * Level 4.7 Stealth
 + Level 3.2 Spellcasting
 - Level 2.0 Transmutations
 + Level 4.0 Earth Magic


You had 5 spell levels left.
You knew the following spells:

 Your Spells              Type           Power      Damage    Failure   Level
a - Sandblast             Erth           34%        2d9       3%          1
b - Petrify               Tmut/Erth      13%        N/A       41%         4

Your spell library contained the following spells:

 Spells                   Type           Power      Damage    Failure   Level
 Passwall                 Tmut/Erth      10%        N/A       7%          2
 Stone Arrow              Conj/Erth      20%        3d8       21%         3


Dungeon Overview and Level Annotations

Branches:
Dungeon (3/15)

Altars:


Innate Abilities, Weirdness & Mutations

You cannot wear most types of armour.
You are amphibious.
You can wear up to eight rings at the same time.
Your skin changes colour to match your surroundings (Stealth+).
Your rubbery body absorbs attacks. (AC +1, EV +1)
((You are camouflaged near water. (Stealth+)))
You have tentacles for arms and can constrict up to eight enemies at once.


Message History

You kill the goblin!
You closely miss the goblin. You grab the goblin. You squeeze the goblin.
The goblin is severely wounded.
You constrict the goblin.
You kill the goblin!
You hit the goblin.
You kill the goblin!
No target in view!
No target in view!
An orc is nearby!
An orc is nearby!
An orc is nearby!
An orc is nearby!
There is an open door, spattered with blood here.
Items here: ))))) †††.
You barely miss the orc. Your grab misses the orc.
The orc hits you with a +0 short sword.
The orc priest casts a cantrip, but nothing happens.
You are too injured to fight recklessly!
You are too injured to fight recklessly!
Casting: Sandblast (safe; 3% risk of failure)
Confirm with . or Enter, or press ? or * to list all spells.
Aiming: Sandblast (safe; 3% risk of failure)
Press: ? - help, Shift-Dir - straight line, f - orc
Aim: an orc, wielding a +0 mace (79% to hit)
The blast of sand hits the orc!
You kill the orc!
Unknown command.
Unknown command.
Casting: Sandblast (safe; 3% risk of failure)
Confirm with . or Enter, or press ? or * to list all spells.
Aiming: Sandblast (safe; 3% risk of failure)
Press: ? - help, Shift-Dir - straight line, f - orc priest
Aim: an orc priest, wielding a +0 mace (lightly wounded, 79% to hit)
The blast of sand hits the orc priest.
The orc priest is heavily wounded.
The goblin shouts!
You hear a shout!
The orc priest calls down the wrath of Beogh upon you.
Pain shoots through your body!
You die...

......... ..#.#
..........# ####.#.# ...
..........####..#...#....
................#........
...........####.o..###..#
...........##..g..g.....#
...........##.####o.....>
...........gg!##.).o.....
.........g######@#.......
+#........†..g.#)#.......
.#.###########.#.#.......
.#.# #...#....... .#.###
#####....... .#.).#
####### .###.# .###.#
<....#


You could see an orc priest, an orc and a goblin.

Vanquished Creatures
  Natasha (thrice) (D:2)
  Robin (D:3)
  2 adders
  A worm (D:2)
  3 dart slugs
  An orc (D:3)
  An endoplasm (D:2)
  A giant cockroach (D:1)
  14 goblins
  3 hobgoblins
  2 jackals (D:2)
  4 kobolds (D:2)
  2 quokkas (D:1)
  5 ball pythons
  3 bats
  5 frilled lizards
  5 rats
56 creatures vanquished.

Notes
Turn   | Place    | Note
-------+----------+-------------------------------------------
     0 | D:1      | Atelerd the Octopode Earth Elementalist began the quest for
                  | the Orb.
     0 | D:1      | Reached XP level 1. HP: 11/11 MP: 3/3
   364 | D:1      | Reached XP level 2. HP: 17/17 MP: 5/5
   855 | D:2      | Reached XP level 3. HP: 13/21 MP: 4/6
  1248 | D:2      | Noticed Natasha
  1257 | D:2      | Killed Natasha
  1258 | D:2      | Reached XP level 4. HP: 17/27 MP: 1/7
  1316 | D:2      | Noticed Natasha
  1326 | D:2      | Killed Natasha
  1848 | D:2      | Found a faded altar of an unknown god.
  1962 | D:2      | Noticed Natasha
  1970 | D:2      | Killed Natasha
  1971 | D:2      | Reached XP level 5. HP: 23/31 MP: 6/9
  2140 | D:3      | Noticed Robin
  2224 | D:3      | Learned a level 4 spell: Petrify
  2227 | D:3      | Killed Robin
  2240 | D:3      | Killed from afar by an orc priest

Illustrated notes

Levels and vault maps discovered:
D:1:      dpeg_arrival_leaves_temple_mockup, layout_basic, st_stairs_3
D:2:      layout_loops_ring, ebering_ecumenical_altar_rust,
          chequers_serial_rivers_micro_b, minmay_statues_item,
          hangedman_glass_teeth, uniq_natasha
D:3:      layout_basic, minivault_11, uniq_crazy_yiuf_cottage, uniq_grinder,
          uniq_robin

Skill      XL: |  1  2  3  4  5 |
---------------+----------------+-----
Stealth        | 3 4 |  4.7
Transmutations | 2 |  2.0
Spellcasting   | 3 |  3.2
Earth Magic    | 4 |  4.0
Dodging        | |  2.0

Action                   |  1- 3 |  4- 6 || total
-------------------------+-------+-------++-------
Melee: Unarmed           |    19 |       ||    19
       Constrict         |    16 |     8 ||    24
       Tentacles         |    11 |     3 ||    14
       Dagger            |    28 |       ||    28
       Rapier            |    18 |    27 ||    45
 Cast: Sandblast         |     8 |    14 ||    22
 Stab: Sleeping          |     9 |     7 ||    16
       Distracted        |       |     1 ||     1
Armor: Skin              |     3 |     2 ||     5
Dodge: Dodged            |    51 |    17 ||    68
